 Dungeon Crawl Stone Soup version 0.30.0-29-ga12c61a403 (webtiles) character file.

Game seed: 6898097472250257628

297814 JordanG8 the Axe Maniac (level 20, -21/289 HPs)
             Began as a Minotaur Berserker on June 2, 2023.
             Was the Champion of Trog.
             Demolished by a rockslime (27 damage)
             ... created by the Royal Jelly
             ... on level 5 of the Pits of Slime on June 3, 2023.
             The game lasted 03:56:37 (47163 turns).

JordanG8 the Axe Maniac (Minotaur Berserker)       Turns: 47163, Time: 03:56:38

Health: -21/289    AC: 32    Str: 34    XL:     20   Next: 11%
Magic:  10/17      EV: 10    Int:  4    God:    Trog [******]
Gold:   4793       SH:  0    Dex: 11    Spells: 19/19 levels left

rFire   x . .        A - +4 executioner's axe (heavy)
rCold   + . .        (shield currently unavailable)
rNeg    . . .        W - +6 plate armour {rC+}
rPois   .            (helmet restricted)
rElec   .            c - +2 cloak {rCorr}
rCorr   +            G - +0 pair of gloves of Parts Unknown {rCorr}
SInv    .            k - +1 pair of boots {Fly}
Will    +....        F - amulet of the acrobat Stlth
                     K - +6 ring of strength
HPRegen 1.48/turn    L - ring of resist corrosion
MPRegen 0.15/turn

%: random rage (3%), acrobat
@: berserking, corroded, flying, studying Polearms, very quick
A: horns 2, retaliatory headbutt, berserk 1, low MP 1, regeneration 1, screaming
1, weak 1, heat vulnerability 1
}: 2/15 runes: barnacled, gossamer
a: Renounce Religion, Berserk, Trog's Hand, Brothers in Arms


You were on level 5 of the Pits of Slime.
You worshipped Trog.
Trog was exalted by your worship.
You visited 7 branches of the dungeon, and saw 37 of its levels.
You also visited: Ice Cave.

You collected 5311 gold pieces.
You spent 518 gold pieces at shops.

Inventory:

Hand Weapons
 p - a +4 antimagic battleaxe
 s - a +6 vampiric executioner's axe
 y - a +6 battleaxe of venom
 A - a +4 heavy executioner's axe (weapon)
 T - a +4 battleaxe of flaming
Armour
 c - a +2 cloak of preservation (worn)
 k - a +1 pair of boots of flying (worn)
 D - a +2 cloak of willpower
 G - the +0 pair of gloves of Parts Unknown (worn) {rCorr}
   (You bought it in a shop on level 1 of the Dungeon)

   rCorr:     It protects you from acid and corrosion.
 W - a +6 plate armour of cold resistance (worn)
 X - a scarf of repulsion
Jewellery
 m - a +5 ring of evasion
 F - an amulet of the acrobat (around neck)
 J - a +6 ring of intelligence
 K - a +6 ring of strength (left hand)
 L - a ring of resist corrosion (right hand)
 N - a ring of protection from fire
Wands
 b - a wand of polymorph (22)
 f - a wand of paralysis (18)
 r - a wand of quicksilver (19)
 z - a wand of mindburst (8)
 O - a wand of flame (41)
 P - a wand of digging (5)
 R - a wand of iceblast (10)
Scrolls
 a - 4 scrolls of fear
 e - 2 scrolls of immolation
 h - 15 scrolls of identify
 x - 5 scrolls of teleportation
 C - 4 scrolls of brand weapon
 E - a scroll of silence
 Q - 9 scrolls of magic mapping
 S - 6 scrolls of torment
 V - 2 scrolls of blinking
 Z - a scroll of summoning
Potions
 g - 9 potions of flight
 j - 5 potions of heal wounds
 l - 5 potions of mutation
 n - 8 potions of brilliance
 o - 3 potions of haste
 q - 7 potions of resistance
 t - 5 potions of invisibility
 u - 13 potions of curing
 w - 5 potions of might
 H - 2 potions of berserk rage
 I - 5 potions of cancellation
 Y - 4 potions of ambrosia
Miscellaneous
 d - a piece from Xom's chessboard (15/15)
 i - a condenser vane
 M - a phantom mirror
 U - a lightning rod (4/4)


   Skills:
 + Level 19.9 Fighting
 O Level 27 Axes
 * Level 24.0 Armour
 - Level 2.1 Dodging
 + Level 11.9 Evocations


You had 19 spell levels left.
You didn't know any spells.
Your spell library was empty.

Dungeon Overview and Level Annotations

Branches:
Dungeon (15/15)            Temple (0/1) D:5            Lair (5/5) D:8
 Shoals (4/4) Lair:3       Spider (4/4) Lair:2        Slime (5/5) Lair:5
    Orc (2/2) D:9             Elf (2/3) Orc:2        Vaults (0/5) D:13
 Depths (0/4) D:15          IceCv (visited)

Altars:
Dithmenos
Fedhas
Nemelex Xobeh
Sif Muna
Xom
The Shining One
Jiyva

Shops:
D:1 =:?*   D:2 [   D:4 :   D:5 [   D:7 (   D:13 !   Orc:2 =*[(

Portals:
Abyss: Lair:1

Annotations:
Lair:1 2 transporters, speedhar's ghost, novice GrFi


Innate Abilities, Weirdness & Mutations

You have a pair of horns on your head.
You reflexively headbutt those who attack you in melee.
You sometimes lose your temper in combat.
Your magical capacity is low. (-10% MP)
Your natural rate of healing is unusually fast.
You occasionally shout uncontrollably at your foes.
You are weak. (Str -2)
You are vulnerable to heat. (rF-)


Message History

That felt strangely unrewarding.
You chop the acid blob into pieces!!!
You kill the acid blob!
That felt strangely unrewarding.
You closely miss the azure jelly. You slice the slime creature!!
You hit the rockslime but do no damage. You chop the azure jelly into pieces!!!
You kill the azure jelly!
That felt strangely unrewarding.
The azure jelly closely misses you. The azure jelly hits you.
* * * LOW HITPOINT WARNING * * *
The azure jelly freezes you!! You resist.
* * * LOW HITPOINT WARNING * * *
The azure jelly hits you but does no damage. x2
The rockslime closely misses you.
An eye of devastation comes into view.
You barely miss the rockslime. You headbutt the rockslime!
The rockslime is moderately wounded.
You carve the azure jelly like a ham!!!
You feel the power of Trog in you as your rage grows.
You kill the azure jelly!
That felt strangely unrewarding.
You barely miss the slime creature.
The slime creature hits you but does no damage.
The rockslime hits you!
* * * LOW HITPOINT WARNING * * *
You hold your ground!
You closely miss the azure jelly. You headbutt the azure jelly!
The azure jelly is lightly wounded.
You chop the slime creature into pieces!!!
You feel the power of Trog in you as your rage grows.
You kill the slime creature!
Trog accepts your kill.
You slash the slime creature! You slice the rockslime!!
You slice the slime creature!! The azure jelly closely misses you.
The azure jelly barely misses you.
The azure jelly hits you but does no damage. x2
The slime creature hits you.
* * * LOW HITPOINT WARNING * * *
The slime creature hits you!
* * * LOW HITPOINT WARNING * * *
The rockslime hits you!!
You die...

##...............
.####................
.....................
.....................
.....................
....................#
....................#
.........JJ......##.#
.........J@.<..### #
..........J...##
..............#
..............#
...G.........##
............##
...........#
#.#...#.##


You could see an azure jelly, 2 slime creatures, a rockslime and an eye of
devastation.

Vanquished Creatures
  the Royal Jelly (Slime:5)
  Dissolution (Slime:2)
  Mara (Shoals:3)
  Bai Suzhen (Shoals:3)
  Nikola (Spider:1)
  Arachne (Spider:4)
  A deep elf blademaster (Elf:2)
  14 acid blobs
  The ghost of Tinylith the Severer, an adept DsFi of Okawaru (Shoals:3)
  9 rockslimes
  13 azure jellies
  The ghost of Witt the Fighter, an adept GrFi of Ashenzari (Shoals:1)
  A frost giant (Shoals:4)
  Louise (Elf:2)
  3 emperor scorpions (Spider:4)
  3 ghost moths
  An orc warlord (Orc:2)
  9 quicksilver oozes
  2 broodmothers
  5 spark wasps
  Azrael (Spider:1)
  An ettin (D:15)
  11 merfolk impalers
  2 deep elf high priests (Elf:1)
  2 entropy weavers
  A merfolk javelineer (Shoals:4)
  Josephine (Spider:1)
  3 great orbs of eyes
  3 hydras
  3 vault guards (D:13)
  3 catoblepae (Lair:5)
  2 radroaches
  6 centaur warriors
  A merfolk avatar (Shoals:4)
  4 jorogumos
  4 boulder beetles
  The ghost of onwiheg the Destroyer, a journeyman DgCj (D:11)
  The ghost of IndexError the Fighter, a novice DrFE of Vehumet (D:10)
  3 merfolk aquamancers
  18 death yaks
  3 satyrs
  21 dancing weapons
  8 death scarabs (Spider:4)
  2 tengu warriors (D:15)
  8 two-headed ogres
  5 orc high priests
  A hell knight (D:15)
  A skyshark (Shoals:1)
  12 deep elf knights
  3 skeletal warriors (D:15)
  7 orb spiders
  2 sun moths
  6 pharaoh ants
  7 deep elf archers
  A sea snake (shapeshifter) (Elf:2)
  A bog body (IceCv)
  16 sea snakes
  2 spectral wolf spiders (Spider:4)
  20 harpies
  3 wizards
  19 deep elf zephyrmancers
  6 steelbarb worms
  5 orc knights
  4 necromancers
  17 deep elf pyromancers
  19 manticores
  4 shining eyes
  13 fauns
  18 wolf spiders
  5 orc sorcerers
  7 cyclopes
  6 ugly things
  3 moths of wrath
  Maurice (D:8)
  12 elephants (Lair:5)
  4 black mambas (Lair:3)
  3 water nymphs
  10 merfolk sirens
  3 gargoyles
  Joseph (D:8)
  2 ice statues (IceCv)
  2 eyes of devastation
  7 demonic crawlers
  14 cane toads
  A rime drake (Lair:5)
  6 torpor snails
  A kobold demonologist (D:11)
  3 efreet
  A yaktaur (D:13)
  2 freezing wraiths (D:10)
  7 ice devils (IceCv)
  6 komodo dragons
  2 spectral redbacks (Spider:4)
  4 anaconda simulacra (IceCv)
  A redback zombie (Spider:4)
  5 trolls
  7 wind drakes
  6 meliai (Spider:3)
  28 merfolk
  3 polar bears
  A hornet (D:8)
  A spectral tarantella (Spider:4)
  Grinder (D:3)
  4 spectral jumping spiders (Spider:4)
  26 tarantellas
  6 blink frogs
  2 spectral culicivoras (Spider:4)
  12 snapping turtles
  6 dream sheep (Lair:4)
  A tarantella zombie (Spider:4)
  95 slime creatures
  A culicivora zombie (Spider:4)
  28 jumping spiders
  A shadow (D:10)
  25 culicivoras
  11 water elementals
  2 air elementals
  3 vampires
  8 wraiths
  99 yaks
  6 fire elementals
  3 wyverns
  10 golden eyes
  3 basilisks (Lair:1)
  18 humans (D:13)
  A death yak simulacrum (IceCv)
  3 dire elephant simulacra (IceCv)
  2 steam dragons (D:9)
  59 redbacks
  10 wargs
  2 harpy simulacra (IceCv)
  3 hell hounds (Spider:1)
  10 water moccasins
  A hydra simulacrum (IceCv)
  33 orc warriors
  2 ice beasts
  2 black bears
  6 ogres
  11 wolves
  5 boggarts (D:15)
  18 centaurs
  2 kobold brigands (D:9)
  9 bullfrogs
  8 scorpions
  2 two-headed ogre simulacra (Orc:1)
  2 cane toad simulacra
  10 wights
  3 earth elementals
  14 killer bees
  4 howler monkeys
  2 electric eels
  36 orc priests
  3 jellies (Lair:5)
  A gnoll bouda (D:4)
  4 hounds
  4 iguanas
  2 sleepcaps (D:5)
  28 orc wizards
  Ijyb (D:3)
  3 troll simulacra
  5 yak simulacra (Lair:3)
  A polar bear simulacrum (Lair:3)
  3 spriggan simulacra
  5 wolf simulacra
  Robin (D:3)
  7 gnolls
  10 adders
  A naga simulacrum (Orc:1)
  2 ufetubi (D:5)
  3 worms
  4 dart slugs
  84 orcs
  7 ball pythons
  5 bats
  7 endoplasms
  5 giant cockroaches
  18 goblins
  7 hobgoblins
  14 kobolds
  A quokka (D:2)
  A frilled lizard (D:3)
  5 rats
  A river rat simulacrum (Lair:3)
1414 creatures vanquished.

Vanquished Creatures (collateral kills)
  Ilsuiw (Shoals:3)
  2 harpies (Shoals:3)
  2 merfolk sirens (Shoals:3)
5 creatures vanquished.

Vanquished Creatures (others)
  A merfolk aquamancer (Shoals:4)
  A deep elf knight (Elf:1)
  2 deep elf zephyrmancers (Elf:2)
  A tarantella (Spider:4)
  A redback (Spider:3)
  An orc (D:3)
7 creatures vanquished.

Grand Total: 1426 creatures vanquished

Notes
Turn   | Place    | Note
-------+----------+-------------------------------------------
     0 | D:1      | JordanG8 the Minotaur Berserker began the quest for the
                  | Orb.
     0 | D:1      | Reached XP level 1. HP: 19/19 MP: 0/0
    23 | D:1      | Found Tojarch's Assorted Antiques.
    30 | D:1      | Reached skill level 4 in Axes
    52 | D:1      | Found Xusetunn's Magic Scroll Shop.
   104 | D:1      | Reached XP level 2. HP: 23/26 MP: 1/1
   121 | D:1      | Found Sapes's Jewellery Emporium.
   250 | D:1      | Found Cull's Book Emporium.
   498 | D:2      | Reached skill level 5 in Axes
   498 | D:2      | Reached XP level 3. HP: 31/31 MP: 2/2
   662 | D:2      | Found Hakoc's Armour Shoppe.
   713 | D:2      | Reached ** piety under Trog
   986 | D:3      | Noticed Grinder
   998 | D:3      | Killed Grinder
   999 | D:3      | Reached skill level 8 in Axes
   999 | D:3      | Reached XP level 4. HP: 32/39 MP: 3/3
   999 | D:3      | Reached XP level 5. HP: 37/45 MP: 4/4
  1255 | D:3      | Reached XP level 6. HP: 51/51 MP: 5/5
  1312 | D:3      | Noticed Robin
  1323 | D:3      | Killed Robin
  1705 | D:3      | Reached skill level 9 in Axes
  1766 | D:3      | Reached *** piety under Trog
  1777 | D:3      | Noticed Ijyb
  1788 | D:3      | Killed Ijyb
  2380 | D:1      | Bought a scroll of brand weapon for 104 gold pieces
  2651 | D:4      | Reached XP level 7. HP: 57/57 MP: 6/6
  2799 | D:4      | Reached skill level 10 in Axes
  2986 | D:4      | Found Fatier's Book Shop.
  3419 | D:5      | Entered Level 5 of the Dungeon
  3604 | D:5      | Reached skill level 11 in Axes
  3833 | D:5      | Reached XP level 8. HP: 64/64 MP: 7/7
  3839 | D:5      | Found a staircase to the Ecumenical Temple.
  3924 | D:5      | Reached skill level 12 in Axes
  4007 | D:5      | Found Qoahap's Armour Shop.
  4271 | D:6      | Reached skill level 13 in Axes
  4278 | D:6      | Reached **** piety under Trog
  4462 | D:6      | Reached skill level 14 in Axes
  5045 | D:7      | Found a shadowy altar of Dithmenos.
  5052 | D:7      | Reached XP level 9. HP: 70/70 MP: 8/8
  5052 | D:7      | Found a blossoming altar of Fedhas.
  5092 | D:7      | Found Tus Raki's Weapon Emporium.
  5462 | D:7      | Reached skill level 15 in Axes
  5968 | D:8      | Found a runed translucent gate.
  5969 | D:8      | Found the +9 staff of Olgreb {rPois∞}
  5975 | D:8      | Found a runed translucent door.
  6030 | D:8      | Noticed Maurice
  6033 | D:8      | Paralysed by something for 2 turns
  6094 | D:8      | Reached skill level 16 in Axes
  6166 | D:8      | Found a staircase to the Lair.
  6166 | D:8      | Noticed a komodo dragon
  6179 | D:8      | Killed a komodo dragon
  6207 | D:8      | Found a runed translucent door.
  6211 | D:8      | Found a runed translucent gate.
  6219 | D:8      | Paralysed by something for 5 turns
  6227 | D:8      | Paralysed by something for 4 turns
  6237 | D:8      | Paralysed by Maurice for 3 turns
  6241 | D:8      | Killed Maurice
  6323 | D:8      | Found a runed translucent gate.
  6384 | D:8      | Reached skill level 17 in Axes
  6384 | D:8      | Reached XP level 10. HP: 29/77 MP: 9/9
  6593 | D:8      | Noticed Joseph
  6615 | D:8      | Killed Joseph
  6955 | D:8      | Reached skill level 18 in Axes
  7041 | D:8      | Reached skill level 19 in Axes
  7711 | D:9      | Reached XP level 11. HP: 78/82 MP: 10/10
  7725 | D:9      | Found a staircase to the Orcish Mines.
  7830 | D:9      | Reached ***** piety under Trog
  7906 | D:9      | Reached skill level 20 in Axes
  8227 | D:9      | Found a shimmering blue altar of Sif Muna.
  8227 | D:9      | Found a sparkling altar of Nemelex Xobeh.
  8308 | D:10     | Entered Level 10 of the Dungeon
  8526 | D:10     | Received a gift from Trog
  8835 | D:10     | Found a runed translucent gate.
  8835 | D:10     | Found a runed translucent gate.
  8835 | D:10     | Found a runed translucent gate.
  8877 | D:10     | Noticed IndexError's ghost (novice DrFE)
  9713 | D:11     | Noticed a two-headed ogre
  9718 | D:11     | Killed a two-headed ogre
  9719 | D:11     | Reached skill level 5 in Fighting
  9832 | D:11     | You are sucked into a shaft and drop 3 floors!
  9865 | D:13     | Reached skill level 21 in Axes
  9865 | D:13     | Reached skill level 5 in Armour
  9928 | D:12     | Noticed a boulder beetle
  9934 | D:12     | Killed a boulder beetle
 10057 | D:11     | Found a transporter.
 10057 | D:11     | Found a transporter.
 10057 | D:11     | Noticed onwiheg's ghost (journeyman DgCj)
 10057 | D:11     | Identified the +4 giant club of Kismet {heavy, *Noise rElec
                  | rPois SInv}
 10057 | D:11     | Noticed a two-headed ogre
 10062 | D:11     | Noticed a two-headed ogre
 10063 | D:11     | Noticed a two-headed ogre
 10063 | D:11     | Noticed a two-headed ogre
 10064 | D:11     | Noticed a two-headed ogre
 10723 | D:11     | Reached XP level 12. HP: 97/97 MP: 11/11
 10892 | D:12     | Noticed a two-headed ogre
 10898 | D:12     | Killed a two-headed ogre
 10944 | D:12     | Noticed a boulder beetle
 11077 | D:12     | Noticed a two-headed ogre
 11082 | D:12     | Killed a two-headed ogre
 11173 | D:12     | Killed a boulder beetle
 11478 | D:13     | Reached skill level 22 in Axes
 11677 | D:13     | Found Guhutt's Distillery.
 12253 | D:13     | Found a gate to the Vaults.
 12253 | D:13     | Noticed a vault guard
 12253 | D:13     | Noticed a vault guard
 12253 | D:13     | Noticed a vault guard
 12471 | Lair:1   | Entered Level 1 of the Lair of Beasts
 12493 | Lair:1   | Reached XP level 13. HP: 93/111 MP: 12/12
 12711 | Lair:1   | Received a gift from Trog
 12803 | Lair:1   | Reached skill level 23 in Axes
 13063 | Lair:1   | Found a one-way gate to the infinite horrors of the Abyss.
 13063 | Lair:1   | Noticed speedhar's ghost (novice GrFi)
 13544 | Lair:1   | Found a transporter.
 13557 | Lair:1   | Found a transporter.
 13983 | Lair:2   | Found a hole to the Spider Nest.
 14025 | Lair:2   | Reached skill level 10 in Fighting
 14355 | Lair:2   | Reached skill level 10 in Armour
 15195 | Orc:1    | Entered Level 1 of the Orcish Mines
 15618 | Orc:2    | Entered Level 2 of the Orcish Mines
 15618 | Orc:2    | Found a staircase to the Elven Halls.
 15736 | Orc:1    | Found a frozen archway.
 15774 | IceCv    | Entered an ice cave
 15919 | IceCv    | Reached skill level 24 in Axes
 16955 | IceCv    | Reached XP level 14. HP: 97/122 MP: 13/13
 17639 | Lair:3   | Found a staircase to the Shoals.
 18077 | Lair:3   | Reached ****** piety under Trog
 18077 | Lair:3   | Received a gift from Trog
 18388 | Lair:3   | You are sucked into a shaft and drop 2 floors!
 18388 | Lair:5   | Entered Level 5 of the Lair of Beasts
 18532 | Lair:5   | Reached skill level 25 in Axes
 18969 | Lair:5   | Received a gift from Trog
 19712 | Lair:5   | Found a runed translucent door.
 19713 | Lair:5   | Found a viscous altar of Jiyva.
 19716 | Lair:5   | Found a staircase to the Slime Pits.
 20136 | Lair:4   | Reached XP level 15. HP: 135/135 MP: 14/14
 21534 | Orc:1    | Received a gift from Trog
 22050 | Orc:2    | Reached skill level 26 in Axes
 22408 | Orc:2    | Received a gift from Trog
 22560 | Orc:2    | Found Quntah's Antique Armour Boutique.
 22561 | Orc:2    | Found Zewkasi's Antique Weapon Boutique.
 22563 | Orc:2    | Found Bamm's General Store.
 22563 | Orc:2    | Found Pieha's Jewellery Shop.
 22578 | Orc:2    | Bought a scroll of brand weapon for 123 gold pieces
 22840 | D:1      | Bought a scroll of enchant armour for 82 gold pieces
 23184 | D:13     | Reached skill level 1 in Evocations
 23983 | D:15     | Entered Level 15 of the Dungeon
 24098 | D:15     | Found a staircase to the Depths.
 24200 | D:15     | Found a glowing golden altar of the Shining One.
 25141 | Spider:1 | Entered Level 1 of the Spider Nest
 25412 | Spider:1 | Reached skill level 15 in Armour
 25417 | Spider:1 | Reached XP level 16. HP: 118/147 MP: 15/15
 25601 | Spider:1 | Noticed Josephine
 25607 | Spider:1 | Killed Josephine
 25634 | Spider:1 | Received a gift from Trog
 26088 | Spider:1 | Noticed Nikola
 26117 | Spider:1 | Killed Nikola
 26154 | Spider:1 | Identified a scroll of acquirement
 26167 | Spider:1 | Acquired 1076 gold pieces
 26203 | Spider:1 | Noticed Azrael
 26216 | Spider:1 | Killed Azrael
 27147 | Shoals:1 | Entered Level 1 of the Shoals
 27147 | Shoals:1 | Noticed Witt's ghost (adept GrFi)
 27147 | Shoals:1 | Found a runed translucent door.
 27147 | Shoals:1 | Found a shimmering altar of Xom.
 27615 | Shoals:1 | Identified the +0 ring mail of Ufuthib {SInv}
 28082 | Shoals:1 | Killed Witt's ghost
 28083 | Shoals:1 | Reached skill level 15 in Fighting
 28085 | Shoals:1 | Identified the staff of poison "Paenim" {*Corrode rPois rN+
                  | Str+2 Dex+2}
 28240 | Shoals:1 | Upgraded the game from 0.30.0-20-g3b4254fcbd to
                  | 0.30.0-29-ga12c61a403
 28462 | Shoals:2 | Reached skill level 5 in Evocations
 29513 | Spider:2 | Reached skill level 27 in Axes
 29680 | Spider:2 | Received a gift from Trog
 30198 | Spider:3 | Reached XP level 17. HP: 130/157 MP: 16/16
 31172 | Spider:3 | Received a gift from Trog
 31552 | Shoals:3 | Noticed Mara
 31566 | Shoals:3 | Noticed JordanG8's illusion
 31570 | Shoals:3 | Noticed JordanG8's illusion
 31601 | Shoals:3 | Killed Mara
 31829 | Shoals:3 | Found a runed translucent gate.
 31830 | Shoals:3 | Found a runed translucent gate.
 31834 | Shoals:3 | Found a runed translucent gate.
 31850 | Shoals:3 | Noticed Tinylith's ghost (adept DsFi)
 32180 | Shoals:3 | Noticed Ilsuiw
 32180 | Shoals:3 | Noticed Bai Suzhen
 32211 | Shoals:3 | Killed Bai Suzhen
 32242 | Shoals:3 | Killed Ilsuiw
 32670 | Shoals:3 | Killed Tinylith's ghost
 32693 | Shoals:3 | Identified the +12 morningstar "Amafoesk" {antimagic,
                  | Int+2}
 32868 | Spider:4 | Entered Level 4 of the Spider Nest
 33727 | Spider:4 | Received a gift from Trog
 34433 | Spider:4 | Reached XP level 18. HP: 168/170 MP: 17/17
 34436 | Spider:4 | Noticed Arachne
 34527 | Spider:4 | Killed Arachne
 34527 | Spider:4 | Received a gift from Trog
 35677 | Spider:4 | Identified the +2 hat of Catatonia {Int+4}
 35694 | Spider:4 | Got a gossamer rune of Zot
 36061 | D:10     | Killed IndexError's ghost
 36196 | D:11     | Killed onwiheg's ghost
 36519 | Shoals:4 | Entered Level 4 of the Shoals
 37807 | Shoals:4 | Received a gift from Trog
 37883 | Shoals:4 | Got a barnacled rune of Zot
 37970 | Shoals:4 | Identified the +5 quarterstaff of the Rattlesnake {freeze,
                  | Int+5}
 38226 | Slime:1  | Entered Level 1 of the Pits of Slime
 38591 | Slime:1  | Reached skill level 10 in Evocations
 39177 | Elf:1    | Entered Level 1 of the Elven Halls
 39698 | D:1      | Bought a pair of smoking gloves for 209 gold pieces
 39698 | D:1      | Identified the +0 pair of gloves of Parts Unknown {rCorr}
                  | (You bought it in a shop on level 1 of the Dungeon)
 40184 | Elf:1    | Paralysed by an air elemental for 1 turns
 40322 | Elf:1    | Received a gift from Trog
 40559 | Elf:1    | Reached XP level 19. HP: 69/180 MP: 6/18
 42827 | Slime:3  | Gained mutation: You occasionally shout uncontrollably at
                  | your foes. [a shining eye]
 43282 | Slime:3  | Received a gift from Trog
 43284 | Slime:3  | Noticed Dissolution
 43529 | Slime:3  | Paralysed by a floating eye for 2 turns
 43548 | Slime:2  | Gained mutation: You are vulnerable to heat. (rF-) [a
                  | shining eye]
 43549 | Slime:2  | Paralysed by a floating eye for 2 turns
 43553 | Slime:2  | Gained mutation: Your natural rate of healing is unusually
                  | fast. [a shining eye]
 43554 | Slime:2  | Paralysed by a floating eye for 3 turns
 43554 | Slime:2  | Gained mutation: Your magical capacity is low. (-10% MP) [a
                  | shining eye]
 43557 | Slime:2  | Killed Dissolution
 43860 | Slime:3  | You are sucked into a shaft and drop 1 floor!
 44842 | Elf:2    | Received a gift from Trog
 45288 | Elf:2    | Found a huge runed translucent gate.
 45288 | Elf:2    | Found a huge runed translucent gate.
 45290 | Elf:2    | Found a huge runed translucent gate.
 45294 | Elf:2    | Found a huge runed translucent gate.
 45294 | Elf:2    | Found a huge runed translucent gate.
 45294 | Elf:2    | Noticed Louise
 45504 | Elf:2    | Killed Louise
 45884 | Elf:2    | Received a gift from Trog
 46589 | Slime:4  | Gained mutation: You sometimes lose your temper in combat.
                  | [a shining eye]
 46819 | Slime:5  | Entered Level 5 of the Pits of Slime
 46861 | Slime:5  | Reached XP level 20. HP: 193/193 MP: 17/17
 47001 | Slime:4  | Gained mutation: You are weak. (Str -2) [a shining eye]
 47126 | Slime:5  | Noticed the Royal Jelly
 47154 | Slime:5  | Killed the Royal Jelly
 47163 | Slime:5  | HP: 6/289 [slime creature (10)]
 47163 | Slime:5  | Demolished by a rockslime

Illustrated notes

Levels and vault maps discovered:
D:1:      grunt_arrival_lava_bath, layout_basic, serial_shops, shop, shop,
          nicolae_shop_behind_doors, shop
D:2:      layout_basic, serial_shops, shop
D:3:      layout_basic, hangedman_abyss_or_decor_lesser_grid,
          hangedman_decor_growths, st_stairs_2, minmay_puff, uniq_grinder,
          uniq_robin, uniq_ijyb
D:4:      layout_basic, serial_curves, eino_curves_03, eino_curves_02,
          eino_curves_04, eino_curves_04, serial_shops, kennysheep_mini
D:5:      layout_rooms, minmay_temple_entry_statues_pillars, serial_shops, shop
D:6:      layout_basic
D:7:      layout_rooms, grunt_temple_overflow_open, serial_shops,
          nicolae_shop_rolling_square
D:8:      layout_gridville, david_lair_shrubbed, minmay_misc_feat_hallway,
          minmay_guarded_unrand_staff_of_olgreb, uniq_maurice, uniq_joseph
D:9:      layout_roguey, gammafunk_temple_overflow_elements, erik_orc_4,
          grunt_ministairs_8
D:10:     layout_roguey, gammafunk_ghost_spectres, roderic_filled_cross,
          grunt_decor_arrowhead, fountainhead
D:11:     layout_roguey, gammafunk_ghost_smash
D:12:     layout_cave_pools
D:13:     layout_roguey, grunt_vaults_entry_tiered, serial_shops, shop,
          beargit_elvish_explorers
D:14:     layout_long_grid, kennysheep_crisscross
D:15:     hangedman_depths_entry_civil_slaughter, layout_basic,
          nicolae_tso_carved_into_rock
Lair:1:   layout_concentric_octagons, gammafunk_ghost_abyssal_escape,
          evilmike_ambush [evilmike_ambush_outer_corners,
          evilmike_ambush_inner_wall_1]
Lair:2:   layout_cellular_growth, spider_nest_entry_a, serial_bayou_shore_a
Lair:3:   layout_regular_city, elwin_shoals_entry_rocks, eino_house_with_fridge,
          grunt_megastairs_5
Lair:4:   layout_big_grid, lemuel_fruit_tree
Lair:5:   evilmike_catoblepas_cave, layout_cave_pods, slime_entry_2,
          serial_bayou_lake_a
Shoals:1: layout_shoals, ebering_ghost_xom
Shoals:2: layout_shoals
Shoals:3: layout_shoals, ebering_ghost_rock_garden, uniq_mara, uniq_bai_suzhen,
          uniq_ilsuiw
Shoals:4: shoals_end_grunt_ice, layout_shoals
Spider:1: layout_chambers, guppyfry_spider_mini_2, uniq_josephine, uniq_azrael,
          uniq_nikola
Spider:2: layout_spider_delve
Spider:3: layout_spider_delve
Spider:4: floodkiller_spider_rune_tomb, uniq_arachne
Slime:1:  layout_caves
Slime:2:  layout_caves
Slime:3:  layout_caves, uniq_dissolution
Slime:4:  layout_caves
Slime:5
Orc:1:    cheibrodos_orc_guarddog, layout_caves,
          portal_ice_cave_entry_ice_simulacra
Orc:2:    st_orc_congregation, layout_diamond_mine
Elf:1:    nicolae_elf_arrival_fired_up, layout_geoelf_diagonals,
          kennysheep_underground_church
Elf:2:    elven_hall_of_blades_hangedman_alternative [mumra_blade_entry_dagger],
          layout_geoelf_octagon, uniq_louise

Skill      XL: |  1  2  3  4  5  6  7  8  9 10 11 12 13 14 15 16 17 18 19 20 |
---------------+-------------------------------------------------------------+-----
Axes           | 4 5 8 9 11 14 17 19 21 22 24 25 26 27 | 27.0
Fighting       | 6 9 11 13 14 15 17 18 19 | 19.9
Armour         | 5 8 10 12 15 17 19 21 23 24 | 24.0
Evocations     | 3 6 8 10 11 | 11.9
Dodging        | |  2.1

Action                     |  1- 3 |  4- 6 |  7- 9 | 10-12 | 13-15 | 16-18 | 19-21 || total
---------------------------+-------+-------+-------+-------+-------+-------+-------++-------
  Melee: Hand axe          |    70 |    98 |   129 |       |     5 |       |       ||   302
         Headbutt          |     8 |    14 |    34 |    77 |   251 |   296 |   101 ||   781
         Punch             |     1 |       |     1 |       |       |       |       ||     2
         Battleaxe         |       |       |    86 |   405 |   510 |    96 |     5 ||  1102
         Executioner's axe |       |       |       |       |   475 |  1179 |   404 ||  2058
 Invoke: Berserk           |     1 |     1 |     4 |     2 |     3 |    11 |     2 ||    24
         Trog's Hand       |       |       |       |       |       |     2 |       ||     2
         Brothers in Arms  |       |       |       |       |       |     1 |       ||     1
  Evoke: Wand              |       |       |     5 |       |    11 |       |       ||    16
         Lightning rod     |       |       |       |       |       |     1 |       ||     1
         Piece from Xom's  |       |       |       |       |       |     1 |       ||     1
         Condenser vane    |       |       |       |       |       |     1 |       ||     1
    Use: Scroll            |     3 |     3 |    16 |     9 |    18 |     8 |       ||    57
         Potion            |       |       |       |       |       |     8 |       ||     8
   Stab: Distracted        |       |       |       |       |     2 |       |       ||     2
 Armour: Animal skin       |    13 |       |       |       |       |       |       ||    13
         Scale mail        |       |    14 |       |       |       |       |       ||    14
         Plate armour      |       |     1 |    90 |   132 |   379 |   953 |   355 ||  1910
  Dodge: Dodged            |    43 |    55 |   138 |   246 |   546 |  1094 |   255 ||  2377
